 Dungeon Crawl Stone Soup version 0.20.1-1-g8b1a95d (webtiles) character file.

163 Irenicus the Insei (level 5, -1/36 HPs)
             Began as an Octopode Chaos Knight on Oct 9, 2017.
             Slain by a gnoll
             ... wielding a +4 spear of chaos
              (15 damage)
             ... on level 3 of the Dungeon.
             The game lasted 00:06:37 (1943 turns).

Irenicus the Insei (Octopode Chaos Knight)          Turns: 1943, Time: 00:06:38

Health: -1/36      AC:  1    Str: 12    XL:     5   Next: 44%
Magic:  5/5        EV: 13    Int: 14    God:    Xom [......]
Gold:   124        SH:  0    Dex: 12    Spells: 4/4 levels left

rFire    . . .     SeeInvis .     - Unarmed
rCold    . . .     Gourm    .   (no shield)
rNeg     . . .     Faith    .   (helmet restricted)
rPois    +         Spirit   .   (no amulet)
rElec    .         Reflect  .   q - ring of poison resistance
rCorr    .         Harm     .   (no ring)
MR       .....                  (no ring)
Stlth    +++.......             (no ring)
Regen    0.2/turn               (no ring)
MPRegen  0.1/turn               (no ring)
                                (no ring)
                                (no ring)

@: drained
A: almost no armour, stealthy swim, amphibious, 8 rings, constrict 8, camouflage
1, gelatinous body 1
a: Renounce Religion


You were on level 3 of the Dungeon.
You worshipped Xom.
You were a very special plaything of Xom.
You were not hungry.

You visited 1 branch of the dungeon, and saw 3 of its levels.

You collected 124 gold pieces.

Inventory:

Armour
 d - a +2 shield
Jewellery
 b - an uncursed amulet of harm
 h - an uncursed ring of fire
 q - a ring of poison resistance (left tentacle)
Scrolls
 e - a scroll of enchant armour {unknown}
 j - a scroll of recharging {unknown}
 k - a scroll of teleportation {unknown}
 l - a scroll of magic mapping {unknown}
 m - a scroll of remove curse {unknown}
 n - a scroll of random uselessness {unknown}
 o - a scroll of amnesia {unknown}
 r - a scroll of immolation {unknown}
 t - a scroll of identify {unknown}
Potions
 g - a potion of cancellation {unknown}
 i - a potion of haste {unknown}
 p - 2 potions of curing {unknown}
 s - 2 potions of resistance {unknown}
 u - a potion of heal wounds {unknown}
Comestibles
 a - 2 bread rations
 c - 2 fruits
 f - 2 royal jellies


   Skills:
 - Level 3.0(2.7) Fighting
 - Level 2.4(2.1) Dodging
 - Level 3.0(2.7) Stealth
 + Level 5.4(5.1) Unarmed Combat


You had 4 spell levels left.
You didn't know any spells.

Dungeon Overview and Level Annotations

Branches:
Dungeon (3/15)

Altars:
Makhleb


Innate Abilities, Weirdness & Mutations

You cannot wear most types of armour.
You are very stealthy in the water. (Stealth+)
You are amphibious.
You can wear up to eight rings at the same time.
You can use your tentacles to constrict eight enemies at once.
Your skin changes colour to match your surroundings (Stealth+).
Your rubbery body absorbs attacks. (AC +1, EV +1)


Message History

You kill the goblin!
The hobgoblin hits you.
You barely miss the hobgoblin. You grab the hobgoblin.
You constrict the hobgoblin. The hobgoblin closely misses you.
The gnoll shouts!
You tentacle-slap the hobgoblin.
The hobgoblin is moderately wounded.
You constrict the hobgoblin. The hobgoblin hits you.
You tentacle-slap the hobgoblin.
You kill the hobgoblin! "Fight to survive, mortal."
Unknown command.
You see here a bat corpse.
The shadow imp grinds its teeth. "Over there now!"
The shadow imp blinks!
The iron imp blinks!
The gnoll blinks!
The shadow imp hits you.
The gnoll hits you from afar with a spear of chaos!
You die... "This toy is broken."

...........##.†.........
.......†...5####....####
)#..#...††..####...## ##.
#....g5.##§§.#§# ..
#######.5.5.5#.# #
#...#.##.#.# #
#...#.##.#5######### #
.......#.......#....###
####
....###..#.@............##
...##.#.#
#..#...g...#.......##
......#.
...#..........≈≈≈...#
......#
.............†≈≈≈≈..#
###...
#.##.........≈≈♣≈≈..#
...... ##.
#.........≈≈≈≈≈..# ......
...##....##♣...≈≈≈...♣
..#### #......##
♣♣.......♣♣ .## ##.#.#..#
♣♣.....♣♣


You could see an iron imp, a gnoll and a shadow imp.

Vanquished Creatures
  A hound (D:2)
  6 adders
  A gnoll (D:3)
  An ooze (D:2)
  3 worms
  A dart slug (D:1)
  2 leopard geckos (D:1)
  An orc (D:3)
  6 bats
  4 giant cockroaches
  6 goblins
  4 hobgoblins
  5 jackals
  A quokka (D:3)
  2 ball pythons (D:2)
  A frilled lizard (D:3)
  2 kobolds (D:1)
  7 rats
54 creatures vanquished.

Notes
Turn   | Place    | Note
-------+----------+-------------------------------------------
     0 | D:1      | Irenicus the Octopode Chaos Knight began the quest for the Orb.
     0 | D:1      | Reached XP level 1. HP: 16/16 MP: 1/1
     7 | D:1      | XOM: potion effect (might)
    37 | D:1      | Reached skill level 1 in Stealth
    53 | D:1      | Reached XP level 2. HP: 21/21 MP: 2/2
   498 | D:1      | XOM is BORED!
   498 | D:1      | XOM: silly message
   710 | D:2      | XOM: silly message
   729 | D:2      | Reached XP level 3. HP: 22/26 MP: 3/3
   804 | D:2      | XOM: mild Pois miscast
  1062 | D:2      | Reached skill level 4 in Unarmed Combat
  1091 | D:2      | Reached XP level 4. HP: 27/31 MP: 4/4
  1290 | D:2      | Found a burning altar of Makhleb.
  1299 | D:2      | Reached XP level 5. HP: 18/36 MP: 5/5
  1301 | D:2      | Reached skill level 5 in Unarmed Combat
  1617 | D:3      | XOM: swap monsters
  1649 | D:3      | XOM: mild Pois miscast
  1664 | D:3      | XOM: chaos upgrade
  1681 | D:2      | XOM: harmless Fire miscast
  1930 | D:3      | XOM: summons 2 hostile demons
  1942 | D:3      | XOM: blink monster(s)
  1943 | D:3      | Slain by a gnoll

Skill      XL: |  1  2  3  4  5 |
---------------+----------------+-----
Stealth        | 2 3 |  3.0
Unarmed Combat | 4 5 |  5.4
Fighting       | |  3.0
Dodging        | |  2.4

Action                   |  1- 3 |  4- 6 || total
-------------------------+-------+-------++-------
Melee: Unarmed           |    54 |    71 ||   125
       Constrict         |    19 |    19 ||    38
       Tentacles         |    12 |     9 ||    21
       Punch             |     2 |     2 ||     4
 Stab: Sleeping          |     8 |     7 ||    15
  Eat: Chunk             |       |     3 ||     3
Armor: Skin              |    11 |     9 ||    20
Dodge: Dodged            |    56 |    84 ||   140
Block: Shield            |     1 |       ||     1
